 Dungeon Crawl Stone Soup version 0.20-a0-1117-g62da73f (webtiles) character file.

953 FastMan the Cleaver (level 7, 0/67 HPs)
             Began as a Deep Dwarf Fighter on May 9, 2017.
             Was an Initiate of Makhleb.
             Slain by Blork the orc
             ... wielding a +0 glaive
              (12 damage)
             ... on level 6 of the Dungeon.
             The game lasted 00:02:29 (1990 turns).

FastMan the Cleaver (Deep Dwarf Fighter)            Turns: 1990, Time: 00:02:30

Health: 0/67       AC:  6    Str: 21    XL:     7   Next: 90%
Magic:  6/6        EV:  7    Int:  9    God:    Makhleb [......]
Gold:   186        SH:  9    Dex: 12    Spells: 6/6 levels left

rFire    . . .     SeeInvis +   a - +0 war axe
rCold    . . .     Gourm    .   c - +0 shield
rNeg     . . .     Faith    .   b - +0 scale mail
rPois    .         Spirit   .   (no helmet)
rElec    .         Reflect  .   (no cloak)
rCorr    .         Harm     .   (no gloves)
MR       +....                  (no boots)
Stlth    ..........             (no amulet)
Regen    0.0/turn               i - ring of see invisible
MPRegen  0.1/turn               (no ring)

@: lethally poisoned (0 -> -1), non-regenerating
A: damage resistance, heal wounds, sense surroundings 1, no regeneration
a: Heal Wounds, Renounce Religion


You were on level 6 of the Dungeon.
You worshipped Makhleb.
Makhleb was noncommittal.
You were not hungry.

You visited 2 branches of the dungeon, and saw 7 of its levels.

You collected 186 gold pieces.

Inventory:

Hand Weapons
 a - a +0 war axe (weapon)
Armour
 b - a +0 scale mail (worn)
 c - a +0 shield (worn)
Jewellery
 i - a ring of see invisible (left hand)
 r - an uncursed amulet of guardian spirit {unknown}
Scrolls
 h - 2 scrolls of identify {@r1}
 j - a scroll of recharging
 k - a scroll of remove curse {@r2}
 l - a scroll of amnesia
 p - a scroll of fear
 s - a scroll of fog
Potions
 d - a potion of might {@q4}
 e - a potion of curing {@q1}
 m - a potion of invisibility
 n - a potion of heal wounds {@q2}
Comestibles
 f - a bread ration {@e1}
 o - 2 fruits {@e4}
 q - a royal jelly {@e3}


   Skills:
 + Level 5.4 Fighting
 * Level 8.4 Axes
 - Level 3.2 Armour
 - Level 3.2 Shields


You had 6 spell levels left.
You didn't know any spells.

Dungeon Overview and Level Annotations

Branches:
Dungeon (6/15)             Temple (1/1) D:4

Altars:
Ashenzari
Cheibriados
Dithmenos
Elyvilon
Gozag
Kikubaaqudgha
Makhleb
Okawaru
Ru
Sif Muna
Vehumet
Wu Jian
Zin

Shops:
D:5 (

Annotations:
D:6 Blork the orc


Innate Abilities, Weirdness & Mutations

You are resistant to damage.
You can heal yourself by infusing magical energy.
You passively map a small area around you.
You do not regenerate.


Message History

You hit the jackal.
The water moccasin bites you but does no damage.
You block the jackal's attack.
You barely miss the water moccasin.
The water moccasin is heavily wounded.
You slash the jackal!
You kill the jackal!
Makhleb accepts your kill. The water moccasin bites you.
* * * LOW HITPOINT WARNING * * *
You are more poisoned.
The water moccasin poisons you!
Blork the orc hits you from afar with a glaive.
* * * LOW HITPOINT WARNING * * *
The water moccasin barely misses you.
You closely miss the water moccasin.
The water moccasin is heavily wounded.
You feel sick. The water moccasin barely misses you.
Blork the orc hits you from afar with a glaive!
You die...

##+# #.....# ##...##
#.....#* * ##.....##
#.....# ##.......##
#..... , *
#.........####...####
+.........+..........
,
*#.........####...###
*
##.......#.........#
,
......†@##.#####.#.#
###...S###.# #.#.#
#..oh #.# ###.#.# *
#.... *#.# #...#.#
...... #># #.###.#
##..... #.###<###<# *
*#....., #.........#
...... #####.##### *
#.#


You could see Blork the orc (invisible), a water moccasin and a jackal.

Vanquished Creatures
  Eustachio (D:5)
  A black bear (D:3)
  A phantom (D:4)
  An ogre (D:5)
  A bullfrog (D:5)
  A howler monkey (D:5)
  2 crimson imps (D:5)
  A hound (D:4)
  An orc priest (D:4)
  An iguana (D:4)
  6 orc wizards
  2 worker ants
  2 adders
  An adder skeleton (D:4)
  2 worms
  3 leopard geckos
  11 orcs
  2 bats
  3 giant cockroaches
  2 goblins
  4 hobgoblins
  5 jackals
  2 quokkas
  2 ball pythons (D:1)
  2 frilled lizards
  4 kobolds
  A leopard gecko zombie (D:5)
  5 rats
70 creatures vanquished.

Notes
Turn   | Place    | Note
-------+----------+-------------------------------------------
     0 | D:1      | FastMan the Deep Dwarf Fighter began the quest for the Orb.
     0 | D:1      | Reached XP level 1. HP: 20/20 MP: 1/1
   146 | D:2      | Reached XP level 2. HP: 25/27 MP: 2/2
   281 | D:2      | Reached skill level 3 in Axes
   561 | D:3      | Reached XP level 3. HP: 25/34 MP: 3/3
   630 | D:3      | Found a snail-covered altar of Cheibriados.
   663 | D:3      | Reached skill level 4 in Axes
   673 | D:3      | Noticed a black bear
   684 | D:3      | Killed a black bear
   684 | D:3      | Reached skill level 5 in Axes
   684 | D:3      | Reached XP level 4. HP: 19/44 MP: 3/3
   684 | D:3      | Reached XP level 5. HP: 22/50 MP: 4/4
   894 | D:4      | Reached XP level 6. HP: 30/57 MP: 5/5
   941 | D:4      | Found an ornate altar of the Wu Jian Council.
   982 | D:4      | Reached skill level 6 in Axes
  1123 | D:4      | Found a glowing silver altar of Zin.
  1201 | D:4      | Found a staircase to the Ecumenical Temple.
  1257 | Temple   | Entered the Ecumenical Temple
  1582 | D:5      | Entered Level 5 of the Dungeon
  1590 | D:5      | Reached skill level 7 in Axes
  1590 | D:5      | Reached XP level 7. HP: 24/66 MP: 6/6
  1604 | D:5      | Found Paopsuk's Antique Weapon Shop.
  1679 | D:5      | Noticed Eustachio
  1687 | D:5      | Reached skill level 5 in Fighting
  1699 | D:5      | Killed Eustachio
  1699 | D:5      | Reached skill level 8 in Axes
  1785 | D:5      | Found a burning altar of Makhleb.
  1790 | D:5      | Became a worshipper of Makhleb the Destroyer
  1980 | D:6      | Noticed Blork the orc
  1990 | D:6      | Slain by Blork the orc

Vault maps used:
D:1:      mrwooster_arrival_arrow, hangedman_decor_points
D:2:      xom_butterflies
D:3:      lemuel_round_altar, lemuel_round_altar, first_bread,
          makhleb_heckhound_becter
D:4:      marbit_many_paths, nicolae_overflow_crystal_walls, temple_hall,
          hex_medium, kennysheep_decorative_pillar
D:5:      kennysheep_little_box, serial_shops, shop, uniq_eustachio
D:6:      kennysheep_mini, basic_altar, uniq_blork_the_orc
Temple:   jpeg_temple_island

Skill      XL: |  1  2  3  4  5  6  7 |
---------------+----------------------+-----
Fighting       | 3 4 5 |  5.4
Axes           | 3 5 7 8 |  8.4
Armour         | |  3.2
Shields        | |  3.2

Action                   |  1- 3 |  4- 6 |  7- 9 || total
-------------------------+-------+-------+-------++-------
Melee: War axe           |    81 |   116 |    81 ||   278
 Abil: Heal Wounds       |     1 |     4 |     2 ||     7
  Use: Scroll            |       |       |     9 ||     9
  Eat: Chunk             |       |     3 |     1 ||     4
Armor: Scale mail        |    37 |    51 |    31 ||   119
Dodge: Dodged            |    33 |    27 |    33 ||    93
Block: Shield            |    44 |    45 |    43 ||   132
